 Dungeon Crawl Stone Soup version 0.30.0-19-g36f170ea60 (webtiles) character file.

Game seed: 7388488121098946336

522 Sabo the Trooper (level 7, -5/85 HPs)
             Began as a Demonspawn Berserker on May 27, 2023.
             Was a Believer of Trog.
             Killed by divine providence
             ... invoked by an orc priest
              (11 damage)
             ... on level 4 of the Dungeon.
             The game lasted 00:16:22 (2800 turns).

Sabo the Trooper (Demonspawn Berserker)             Turns: 2800, Time: 00:16:24

Health: -5/85      AC:  7    Str: 19    XL:     7   Next: 1%
Magic:  7/7        EV: 12    Int:  8    God:    Trog [**....]
Gold:   149        SH:  0    Dex: 13    Spells: 6/6 levels left

rFire   + . .        b - +1 flail (heavy)
rCold   + . .        (no shield)
rNeg    . . .        s - +2 robe {rC+ rF+}
rPois   +            (helmet restricted)
rElec   .            (no cloak)
rCorr   .            (no gloves)
SInv    .            (no boots)
Will    .....        (no amulet) Stlth
                     d - ring of poison resistance
HPRegen 0.34/turn    (no ring)
MPRegen 0.10/turn

%: no passive effects
@: berserking (expiring), very quick
A: horns 2, rugged brown scales 3
a: Renounce Religion, Berserk, Trog's Hand


You were on level 4 of the Dungeon.
You worshipped Trog.
Trog was pleased with you.
You visited 1 branch of the dungeon, and saw 4 of its levels.

You collected 149 gold pieces.

Inventory:

Hand Weapons
 a - a +0 hand axe
 b - a +1 heavy flail (weapon)
 p - a +0 sling
Missiles
 g - 7 poisoned darts (quivered)
Armour
 r - a +0 scale mail
 s - a +2 robe of resistance (worn)
Jewellery
 d - a ring of poison resistance (left hand)
Wands
 c - a wand of polymorph (11)
Scrolls
 j - a scroll of fear
 l - a scroll of magic mapping {unknown}
 n - a scroll of vulnerability {unknown}
 o - a scroll of enchant armour
 t - a scroll of teleportation {unknown}
 u - a scroll of torment {unknown}
 v - a scroll of blinking {unknown}
Potions
 e - 2 potions of curing {unknown}
 f - 2 potions of heal wounds {unknown}
 h - a potion of haste {unknown}
 i - a potion of mutation {unknown}
 k - a potion of lignification {unknown}
 m - a potion of invisibility {unknown}
 q - a potion of brilliance {unknown}


   Skills:
 + Level 4.1 Fighting
 + Level 4.0(4.6) Axes
 + Level 3.3(4.3) Maces & Flails
 + Level 3.6 Armour
 + Level 2.6 Dodging
 + Level 0.6 Stealth


You had 6 spell levels left.
You didn't know any spells.
Your spell library was empty.

Dungeon Overview and Level Annotations

Branches:
Dungeon (4/15)
 Temple: D:4-7

Altars:


Innate Abilities, Weirdness & Mutations

You have a pair of horns on your head.
You are completely covered in rugged brown scales. (AC +3, +7% HP)


Message History

The orc priest mumbles some strange prayers to Beogh against you.
Beogh smites you!
* * * LOW HITPOINT WARNING * * *
You have reached level 7!
Your demonic ancestry asserts itself...
Rugged brown scales cover your body completely.
You barely miss the orc wizard. Your headbutt misses the orc wizard.
The orc priest casts a cantrip, but nothing happens.
The orc hits you but does no damage.
The orc wizard gestures at you while chanting.
You resist with some effort.
You sock the orc wizard!
The orc wizard is severely wounded.
The orc barely misses you. The orc wizard closely misses you.
You closely miss the orc wizard.
The orc wizard is severely wounded.
The orc hits you but does no damage.
The orc wizard points at you and mumbles some strange words.
The puff of flame hits you. You resist.
* * * LOW HITPOINT WARNING * * *
You barely miss the orc wizard.
The orc wizard is severely wounded.
The orc hits you with a +0 whip.
* * * LOW HITPOINT WARNING * * *
The orc wizard barely misses you.
You closely miss the orc wizard. Your headbutt misses the orc wizard.
The orc wizard is severely wounded.
The orc priest calls down the wrath of Beogh upon you.
Beogh smites you!
* * * LOW HITPOINT WARNING * * *
The orc hits you but does no damage. The orc wizard casts a spell at you.
The puff of flame misses you.
You barely miss the orc wizard.
The orc wizard is severely wounded.
The orc wizard hits you but does no damage.
The orc closely misses you.
The orc priest invokes the aid of Beogh against you.
Beogh smites you!
You die...

#.# #.# .#.
#.###.#. #.##....
####.##..# ..
........
#...###..##.#
#.....<.##.#####.#
.............@oo..#
.#.......†..o######
#...........#
#...........#
............##
##...........
#?##.##.#.### .. ..
#.#.#


You could see an orc priest, an orc wizard and an orc.

Vanquished Creatures
  Grinder (D:3)
  Sigmund (D:2)
  The ghost of cdecastro the Stinger, a weakling NaVM (D:3)
  An orc priest (D:4)
  A gnoll (D:1)
  An adder (D:3)
  A worm (D:2)
  2 dart slugs
  An orc (D:3)
  3 ball pythons
  4 endoplasms
  2 giant cockroaches (D:3)
  5 goblins
  7 hobgoblins
  4 kobolds
  4 quokkas
  5 bats
  2 frilled lizards (D:3)
  4 rats
50 creatures vanquished.

Notes
Turn   | Place    | Note
-------+----------+-------------------------------------------
     0 | D:1      | Sabo the Demonspawn Berserker began the quest for the Orb.
     0 | D:1      | Reached XP level 1. HP: 18/18 MP: 1/1
   292 | D:1      | Gained mutation: You are partially covered in rugged brown
                  | scales. (AC +1, +3% HP) [demonic ancestry]
   292 | D:1      | Reached XP level 2. HP: 24/24 MP: 2/2
   853 | D:2      | Gained mutation: You are mostly covered in rugged brown
                  | scales. (AC +2, +5% HP) [demonic ancestry]
   853 | D:2      | Reached XP level 3. HP: 17/30 MP: 3/3
  1227 | D:2      | Noticed Sigmund
  1240 | D:2      | Killed Sigmund
  1241 | D:2      | Reached skill level 1 in Maces & Flails
  1241 | D:2      | Gained mutation: You have a pair of small horns on your
                  | head. [demonic ancestry]
  1241 | D:2      | Reached XP level 4. HP: 23/38 MP: 4/4
  1241 | D:2      | Reached XP level 5. HP: 27/44 MP: 5/5
  1779 | D:3      | Noticed Grinder
  1785 | D:3      | Paralysed by Grinder for 2 turns
  1789 | D:3      | Killed Grinder
  1790 | D:3      | Gained mutation: You have a pair of horns on your head.
                  | [demonic ancestry]
  1790 | D:3      | Reached XP level 6. HP: 50/50 MP: 6/6
  1895 | D:3      | Reached ** piety under Trog
  1988 | D:3      | Found a runed translucent door.
  2028 | D:3      | Noticed cdecastro's ghost (weakling NaVM)
  2709 | D:3      | Killed cdecastro's ghost
  2795 | D:4      | Gained mutation: You are completely covered in rugged brown
                  | scales. (AC +3, +7% HP) [demonic ancestry]
  2795 | D:4      | Reached XP level 7. HP: 22/57 MP: 7/7
  2800 | D:4      | Killed from afar by an orc priest

Illustrated notes

Levels and vault maps discovered:
D:1:      nicolae_arrival_washed_ashore, layout_rooms, serial_forest,
          infiniplex_forest_lined_ring, infiniplex_forest_clump_small,
          infiniplex_forest_clump_tiny, infiniplex_forest_clump_large,
          infiniplex_forest_straight_4, infiniplex_forest_clump_medium,
          minmay_fountain_box, hangedman_glass_teeth
D:2:      layout_rooms, serial_aquarium, aquarium_bridge_square
          [aquarium_subvault_bridge, aquarium_subvault_window,
          aquarium_subvault_bridge, aquarium_subvault_window],
          aquarium_window_fake, aquarium_window_fake,
          aquarium_window_corridor_3, aquarium_view_2a, aquarium_view_2c,
          aquarium_balcony_double_4, uniq_sigmund
D:3:      layout_basic, ebering_ghost_reflecting_pool,
          amcnicky_mini_rare_corridor_liquid, grunt_decor_clamped,
          kennysheep_generic_room_16, uniq_grinder
D:4:      layout_loops_ring, st_stairs_13, uniq_blork_the_orc

Skill      XL: |  1  2  3  4  5  6 |
---------------+-------------------+-----
Axes           | 3 4 |  4.0
Armour         | 2 3 |  3.6
Maces & Flails | 1 2 3 |  3.3
Dodging        | 2 |  2.6
Fighting       | 4 |  4.1
Stealth        | |  0.6

Action                     |  1- 3 |  4- 6 |  7- 9 || total
---------------------------+-------+-------+-------++-------
  Melee: Hand axe          |    18 |       |       ||    18
         Flail             |    31 |    65 |     6 ||   102
         Headbutt          |       |     1 |       ||     1
 Invoke: Berserk           |     2 |     4 |       ||     6
    Use: Scroll            |       |     4 |       ||     4
 Armour: Animal skin       |     3 |       |       ||     3
         Leather armour    |     8 |       |       ||     8
         Ring mail         |     3 |       |       ||     3
         Robe              |       |    42 |     4 ||    46
  Dodge: Dodged            |    29 |    78 |     5 ||   112
